 Dungeon Crawl Stone Soup version 0.31-a0-339-gda1cbd555d (webtiles) character file.

Game seed: 13858626244378539018

376 senseless the Insei (level 6, 0/42 HPs)
             Began as an Octopode Shapeshifter on July 20, 2023.
             Killed from afar by an orc wizard (11 damage)
             ... with a puff of flame
             ... on level 3 of the Dungeon.
             The game lasted 00:06:58 (2408 turns).

senseless the Insei (Octopode Shapeshifter)         Turns: 2408, Time: 00:06:59

Health: 0/42       AC:  1    Str: 14    XL:     6   Next: 73%
Magic:  6/6        EV: 14    Int: 11    God:
Gold:   91         SH:  0    Dex: 14    Spells: 5/5 levels left

rFire   . .          .
                       - Unarmed
rCold   + . .        (no shield)
rNeg    . . .        (helmet currently unavailable)
rPois   .            (no amulet)
rElec   .            m - ring of protection from cold
rCorr   .            (no ring)
SInv    .            (no ring)
Will    .....        (no ring)
Stlth   +++          (no ring)
HPRegen 0.27/turn    (no ring)
MPRegen 0.10/turn    (no ring)
                     (no ring)

%: no passive effects
@: beast-form
A: beast (slay +2), almost no armour, amphibious, 8 rings, camouflage 1,
gelatinous body 1, (nimble swimmer 1), tentacles
a: Begin Untransformation


You were on level 3 of the Dungeon.
You were a hulking beast.
You visited 1 branch of the dungeon, and saw 3 of its levels.

You collected 166 gold pieces.
You spent 75 gold pieces at shops.

Inventory:

Hand Weapons
 i - a +2 flail of chaos
 j - a +1 short sword of venom
 n - a +0 mace of draining
 o - a +1 vampiric short sword
Jewellery
 m - a ring of protection from cold (left tentacle)
Talismans
 b - a beast talisman
Scrolls
 p - a scroll of teleportation
Potions
 a - a potion of lignification
 d - a potion of magic
 e - a potion of attraction
 g - 2 potions of mutation {unknown}
 h - a potion of invisibility {unknown}
 k - a potion of haste {unknown}
 l - a potion of heal wounds {unknown}


   Skills:
 + Level 3.1 Fighting
 + Level 3.6 Dodging
 + Level 2.6 Stealth
 + Level 4.3 Unarmed Combat
 + Level 4.0 Shapeshifting


You had 5 spell levels left.
You didn't know any spells.
Your spell library was empty.

Dungeon Overview and Level Annotations

Branches:
Dungeon (3/15)

Altars:

Shops:
D:1 (*(?


Innate Abilities, Weirdness & Mutations

You are a hulking beast.
Your limbs bulge with bestial killing power. (Slay +2)
You cannot wear most types of armour.
You are amphibious.
You can wear up to eight rings at the same time.
Your skin changes colour to match your surroundings (Stealth+).
Your rubbery body absorbs attacks. (AC +1, EV +1)
((You are camouflaged when in or above water. (Stealth+)))
You have tentacles for arms and can constrict up to eight enemies at once.


Message History

The gnoll closely misses you.
Things that are here:
a +0 mace; a +0 flail You tentacle-slap the gnoll.
You grab the gnoll. You squeeze the gnoll!
The gnoll is severely wounded.
You constrict the gnoll. The gnoll hits you with a +0 spear.
You bludgeon the gnoll!
You kill the gnoll!
You barely miss the orc. Your grab misses the orc.
The orc hits you with a +0 short sword.
You tentacle-slap the orc. Your grab misses the orc.
The orc is severely wounded.
You miss something.
You tentacle-slap something but do no damage.
Your squeeze misses something.
You hear some strange, mumbled words.
You are confused.
You bump into the stone wall.
Something hits you.
You closely miss something.
You hear some strange, mumbled words.
A puff of flame appears from out of thin air!
The puff of flame misses you.
You bump into the stone wall.
Something completely misses you.
You closely miss something. Something hits you.
You tentacle-slap something. Your squeeze misses something. Something hits you.
You bump into the stone wall.
Something hits you.
You bump into the stone wall.
You feel less confused.
An orc comes into view. It is wielding a +0 flail.
Something hits you.
You tentacle-slap something.
You hear some strange, mumbled words.
A puff of flame appears from out of thin air!
The puff of flame hits you!
* * * LOW HITPOINT WARNING * * *
You feel better.
You hear some strange, mumbled words.
A puff of flame appears from out of thin air!
The puff of flame hits you!
You die...

#######################
#...o{h)).....##.....).
#...o###'############'#
#... #.#.............)#
###' #.#.........)....#
.. #.#....).........#
.. #.'......).......' .
##################
......#....#.....
......'....'..)..


You could see 2 orcs.

Vanquished Creatures
  An ogre (D:3)
  An orc wizard (D:3)
  14 gnolls
  3 adders (D:2)
  2 worms
  A dart slug (D:2)
  25 orcs (D:3)
  3 endoplasms (D:1)
  7 goblins
  5 hobgoblins
  6 jackals
  2 quokkas (D:2)
  4 ball pythons
  2 bats (D:2)
  2 frilled lizards (D:1)
  3 rats
81 creatures vanquished.

Notes
Turn   | Place    | Note
-------+----------+-------------------------------------------
     0 | D:1      | senseless the Octopode Shapeshifter began the quest for the
                  | Orb.
     0 | D:1      | Reached XP level 1. HP: 13/13 MP: 1/1
     7 | D:1      | Found Quf Mack's Magic Scroll Boutique.
    62 | D:1      | Found Nugu's Weapon Emporium.
    78 | D:1      | Reached XP level 2. HP: 13/18 MP: 2/2
   251 | D:1      | Found Qahos's Weapon Emporium.
   316 | D:1      | Found Hes Ruot's Assorted Antiques.
   396 | D:1      | You fall into a shaft and drop 1 floor!
   440 | D:2      | Reached XP level 3. HP: 21/23 MP: 3/3
   841 | D:1      | Bought a knobbly bronze ring for 75 gold pieces
  1314 | D:2      | Reached XP level 4. HP: 29/29 MP: 4/4
  1875 | D:3      | Reached XP level 5. HP: 35/35 MP: 5/5
  2057 | D:3      | Reached skill level 1 in Stealth
  2098 | D:3      | Noticed an ogre
  2129 | D:3      | Killed an ogre
  2130 | D:3      | Reached XP level 6. HP: 30/41 MP: 6/6
  2408 | D:3      | Killed from afar by an orc wizard

Illustrated notes

Levels and vault maps discovered:
D:1:      psy_arrival_basics, layout_basic, serial_shops,
          nicolae_shop_bloodbath_and_beyond, nicolae_shop_waterfront,
          nicolae_shop_rolling_square, nicolae_shop_peninsula
D:2:      layout_loops_corners
D:3:      lemuel_castle_with_subvaults [lemuel_castle_interior_carwin_1],
          layout_basic, kennysheep_ying_yang, trog_three_pillars_becter,
          shapermc_ecumenical_altar_ellora

Skill      XL: |  1  2  3  4  5  6 |
---------------+-------------------+-----
Fighting       | 2 3 |  3.1
Dodging        | 3 |  3.6
Stealth        | 2 |  2.6
Unarmed Combat | 4 |  4.3
Shapeshifting  | 4 |  4.0

Action                     |  1- 3 |  4- 6 || total
---------------------------+-------+-------++-------
  Melee: Unarmed           |    44 |   107 ||   151
         Tentacles         |     9 |    23 ||    32
         Constrict         |    12 |    36 ||    48
         Punch             |     1 |     6 ||     7
    Use: Scroll            |       |     8 ||     8
         Potion            |       |     3 ||     3
   Stab: Sleeping          |    11 |     1 ||    12
         Distracted        |       |     2 ||     2
 Armour: Skin              |     2 |     3 ||     5
  Dodge: Dodged            |    20 |    47 ||    67

Table legend: (Time is in decaauts)
 A = Elapsed time spent in this place.
 B = Non-inter-level travel time spent in this place.
 C = Inter-level travel time spent in this place.
 D = Time resting spent in this place.
 E = Time spent auto-exploring this place.
 F = Levels seen in this place.
 G = Mean time per level.
                   A        B        C        D        E       F      G
               +--------+--------+--------+--------+--------+-----+--------+
         Total |   2397 |   2280 |    117 |    149 |   1670 |   3 |  799.0 |
       Dungeon |   2397 |   2280 |    117 |    149 |   1670 |   3 |  799.0 |
               +--------+--------+--------+--------+--------+-----+--------+

Top non-repeatable levels by time:
     D:2: 854 daAuts
     D:1: 823 daAuts
     D:3: 719 daAuts
